[Event "Team 45 45 League T98"]
[Site "Internet Chess Club"]
[Date "2023.11.22"]
[Round "1"]
[White "QuieroAprender"]
[Black "trombone"]
[Result "0-1"]
[WhiteElo "1598"]
[BlackElo "1770"]
[Opening "Queen's pawn game"]
[ECO "D02"]
[Time "11:30:37"]
[PlyCount "60"]
[TimeControl "2700+45"]

1. d4 d5 2. Nf3 e6 3. Bf4 Bd6 4. Bg3 Nf6 5. Nbd2 c5 6. e3 Nc6 7. c3 O-O 8. Bd3
Ne7 9. Qc2 b6 10. Ng5 Nf5 11. O-O-O h6 12. Ngf3 Be7 13. Ne5 Qe8 14. Ndf3 Nd6 15.
Kb1 Nde4 16. Nd2 Bb7 17. f3 Nxd2+ 18. Qxd2 a5 19. Bc2 b5 20. Ka1 b4 21. dxc5
Bxc5 22. Nd3 bxc3 23. Qxc3 Be7 24. Be5 Qb5 25. a4 Qc6 26. g4 Qxc3 27. bxc3 Nd7
28. Bd4 f6 29. f4 Bd6 30. c4 dxc4 {White resigns} 0-1

[Event "Team 45 45 League T98"]
[Site "Internet Chess Club"]
[Date "2023.11.20"]
[Round "1"]
[White "Signofthetimes"]
[Black "fireball"]
[Result "0-1"]
[WhiteElo "1554"]
[BlackElo "1576"]
[Opening "French defense"]
[ECO "C00"]
[Time "09:00:57"]
[PlyCount "103"]
[TimeControl "2700+45"]

1. e4 e6 2. Nf3 d5 3. e5 c5 4. Bb5+ Bd7 5. Bxd7+ Nxd7 6. d4 cxd4 7. Qxd4 Bc5 8.
Qg4 g6 9. O-O h5 10. Qa4 Ne7 11. c3 O-O 12. Bg5 Nb6 13. Qh4 a5 14. Bf6 Qd7 15.
Nbd2 Nf5 16. Qg5 Be7 17. Nd4 Bxf6 18. exf6 Nxd4 19. cxd4 Qd8 20. g4 hxg4 21. Kh1
Nd7 22. Qxg4 Nxf6 23. Qf4 Kg7 24. Qe5 Qb8 25. Rg1 Qxe5 26. dxe5 Nh5 27. Rg5 Rac8
28. Rag1 Kh6 29. Nb3 Rc2 30. Nd4 Rxf2 31. Nxe6 fxe6 32. Rxg6+ Kh7 33. Rxe6 Rxb2
34. Re7+ Kh8 35. Re6 Ng7 36. Rh6+ Kg8 37. Rhg6 Rf7 38. h4 Rb4 39. R6g4 Rxg4 40.
Rxg4 Kh7 41. Rd4 Rd7 42. Kg2 Ne6 43. Rg4 d4 44. Kf2 d3 45. Ke1 d2+ 46. Kd1 Rd3
47. h5 Re3 48. Kxd2 Rxe5 49. Rh4 Kh6 50. Kd3 Rxh5 51. Rxh5+ Kxh5 52. a4 {White
resigns} 0-1

[Event "Team 45 45 League T98"]
[Site "Internet Chess Club"]
[Date "2023.11.18"]
[Round "1"]
[White "jfkingiii"]
[Black "Conjurer"]
[Result "1-0"]
[WhiteElo "1491"]
[BlackElo "1035"]
[Opening "Sicilian: Alapin's variation (2.c3)"]
[ECO "B22"]
[Time "19:00:26"]
[PlyCount "55"]
[TimeControl "2700+45"]

1. e4 c5 2. c3 Nc6 3. d4 cxd4 4. cxd4 a6 5. Nf3 Nf6 6. d5 Na7 7. Nc3 d6 8. Be2
e5 9. O-O Be7 10. a4 Bg4 11. Be3 Nh5 12. h3 Bd7 13. Nxe5 Nf6 14. Nxd7 Qxd7 15.
Rc1 O-O 16. Bb6 Nc8 17. Be3 Re8 18. f3 Bf8 19. Bg5 Nh5 20. Qe1 h6 21. Qh4 g6 22.
Be3 Be7 23. Qf2 g5 24. f4 Nxf4 25. Bxf4 gxf4 26. Bg4 Qd8 27. Qxf4 Qa5 28. Qxf7+
{Black resigns} 1-0

[Event "Team 45 45 League T98"]
[Site "Internet Chess Club"]
[Date "2023.11.16"]
[Round "1"]
[White "Goli"]
[Black "Packerfan"]
[Result "1-0"]
[WhiteElo "1800"]
[BlackElo "1681"]
[Opening "Ruy Lopez: Schliemann defense"]
[ECO "C63"]
[Time "14:01:16"]
[PlyCount "61"]
[TimeControl "2700+45"]

1. e4 e5 2. Nf3 Nc6 3. Bb5 f5 4. Bxc6 dxc6 5. Nc3 fxe4 6. Nxe4 Nf6 7. Qe2 Bg4 8.
h3 Bh5 9. d3 Bd6 10. Bg5 Qe7 11. O-O-O O-O-O 12. g4 Bg6 13. Nh4 Bxe4 14. dxe4 g6
15. Rhe1 Qf7 16. Kb1 h6 17. Bd2 Nd7 18. Be3 Kb8 19. Qd2 Qf6 20. g5 Qf7 21. gxh6
Be7 22. Bg5 Nf6 23. Qe3 Rxd1+ 24. Rxd1 Ng8 25. Bxe7 Nxe7 26. Rd7 Kc8 27. Rxe7
Qxe7 28. Nxg6 Qh7 29. Nxh8 Qxh8 30. Qg5 Qf8 31. Qf5+ {Black resigns} 1-0

[Event "Team 45 45 League T98"]
[Site "Internet Chess Club"]
[Date "2023.11.14"]
[Round "1"]
[White "justice02"]
[Black "fhunfi"]
[Result "0-1"]
[WhiteElo "1612"]
[BlackElo "1726"]
[Opening "Réti opening"]
[ECO "A04"]
[Time "22:00:45"]
[PlyCount "94"]
[TimeControl "2700+45"]

1. Nf3 e6 2. g3 d5 3. Bg2 Nf6 4. O-O Be7 5. d4 Ne4 6. Ne5 Nd6 7. c3 O-O 8. Nd2
f6 9. Nd3 f5 10. f4 Nd7 11. Qb3 c6 12. a4 Qb6 13. Qxb6 axb6 14. b3 Ne4 15. Nxe4
fxe4 16. Ne5 Nxe5 17. dxe5 Bc5+ 18. e3 b5 19. b4 Be7 20. a5 b6 21. Rf2 bxa5 22.
Rxa5 Rxa5 23. bxa5 Bc5 24. Ra2 Rf7 25. Bh3 Ra7 26. Kf2 Kf7 27. Bb2 Bb6 28. a6
Rxa6 29. Rxa6 Bxa6 30. g4 g5 31. f5 Bc7 32. c4 bxc4 33. Bc3 c5 34. Bg2 Bc8 35.
f6 Bb6 36. Ba1 Bb7 37. Bf1 Bc6 38. Ke2 Ba5 39. Kd1 Ba4+ 40. Kc1 Bb3 41. Bg2 c3
42. h3 Bb4 43. Kb1 c4 44. Bf1 Bd1 45. Kc1 Ba4 46. Kb1 c2+ 47. Kc1 c3 {White
resigns} 0-1

[Event "Team 45 45 League T98"]
[Site "Internet Chess Club"]
[Date "2023.11.20"]
[Round "1"]
[White "RD1974"]
[Black "ChessMaine"]
[Result "1-0"]
[WhiteElo "1606"]
[BlackElo "1446"]
[Opening "Queen's gambit declined"]
[ECO "D30"]
[Time "18:09:11"]
[PlyCount "49"]
[TimeControl "2700+45"]

1. d4 d5 2. c4 e6 3. Nf3 Nf6 4. a3 Be7 5. g3 O-O 6. Bg2 Nbd7 7. Nc3 c6 8. O-O
Qc7 9. c5 e5 10. dxe5 Nxe5 11. Nxe5 Qxe5 12. Bf4 Qe6 13. b4 Ne4 14. Rc1 f5 15.
Qd3 g5 16. Be3 Bf6 17. Bd4 Bd7 18. e3 Rae8 19. Ne2 g4 20. Nf4 Qf7 21. Bxe4 fxe4
22. Qd2 Bg5 23. Ne2 h5 24. Qc3 h4 25. Nf4 {Black forfeits on time} 1-0

[Event "Team 45 45 League T98"]
[Site "Internet Chess Club"]
[Date "2023.11.20"]
[Round "1"]
[White "VictorRed"]
[Black "Portola"]
[Result "1-0"]
[WhiteElo "1703"]
[BlackElo "1719"]
[Opening "French defense, Steiner variation"]
[ECO "A13"]
[Time "19:00:48"]
[PlyCount "97"]
[TimeControl "2700+45"]

1. c4 e6 2. e4 d5 3. cxd5 exd5 4. e5 c6 5. d4 Bf5 6. Nc3 Nd7 7. Nf3 Be7 8. Be2
Nf8 9. O-O Ne6 10. Be3 g5 11. Qd2 g4 12. Ne1 h5 13. Nd3 Bf8 14. Nf4 h4 15. f3 g3
16. h3 Nxf4 17. Bxf4 Qd7 18. Bd3 Ne7 19. Bxf5 Qxf5 20. Bg5 Rh5 21. Bxe7 Bxe7 22.
Rae1 Qe6 23. f4 O-O-O 24. Rf3 Kb8 25. Ref1 Rf5 26. a3 c5 27. dxc5 Bxc5+ 28. Kh1
a6 29. b4 Ba7 30. Ne4 Rh5 31. Nf6 Rhh8 32. Rd3 d4 33. Ne4 Rc8 34. Nd6 Rc7 35. b5
Bb6 36. bxa6 bxa6 37. Qb4 Ka7 38. Rb1 Rb8 39. Rxd4 Rc5 40. Re4 Qd7 41. Qb3 Bc7
42. Rb4 Rxb4 43. axb4 Rc6 44. Nxf7 Qd2 45. Qd1 Qxf4 46. b5 Rc3 47. bxa6 Qxf7 48.
Qd4+ Ka8 49. Qe4+ {Black resigns} 1-0

[Event "Team 45 45 League T98"]
[Site "Internet Chess Club"]
[Date "2023.11.19"]
[Round "1"]
[White "ElValero"]
[Black "julesraider"]
[Result "1-0"]
[WhiteElo "1675"]
[BlackElo "1648"]
[Opening "English: symmetrical, four knights system"]
[ECO "A30"]
[Time "12:00:18"]
[PlyCount "137"]
[TimeControl "2700+45"]

1. Nf3 Nf6 2. c4 c5 3. Nc3 Nc6 4. g3 b6 5. Bg2 Bb7 6. d4 Nxd4 7. e3 Nxf3+ 8.
Bxf3 Bxf3 9. Qxf3 e6 10. e4 d6 11. Bf4 e5 12. Bg5 h6 13. Bxf6 Qxf6 14. Qxf6 gxf6
15. Nd5 O-O-O 16. Nxf6 Bg7 17. Nd5 f5 18. Ne7+ Kd7 19. Nxf5 Rh7 20. O-O-O Bf8
21. Rd5 Ke6 22. h4 h5 23. f3 a6 24. g4 b5 25. cxb5 axb5 26. Rg1 hxg4 27. fxg4
Ra7 28. Kb1 Rda8 29. Kc2 Rxa2 30. g5 R8a4 31. Kb3 c4+ 32. Kc3 b4+ 33. Kxc4 Rxb2
34. g6 b3+ 35. Kd3 Raa2 36. g7 Rd2+ 37. Kc3 Rac2+ 38. Kb4 Bxg7 39. Nxg7+ Kf6 40.
Rxd2 Rxd2 41. Kxb3 Rd4 42. Nh5+ Kf7 43. Ng3 Rd2 44. Kc3 Rh2 45. h5 Rh3 46. Kd3
Kg7 47. Ke3 Kh7 48. Kf3 Rh4 49. Rd1 Rf4+ 50. Kg2 Rf6 51. Nf5 Re6 52. Rxd6 Re8
53. Rd7+ Kh8 54. Kf3 Rb8 55. Kg4 Rg8+ 56. Rg7 Rf8 57. Kg5 Rb8 58. Re7 Rb5 59.
Kf6 Rb6+ 60. Kxe5 Rb1 61. Kf6 Rb6+ 62. Re6 Rb1 63. e5 Rh1 64. h6 Rf1 65. Re8+
Kh7 66. e6 Rg1 67. e7 Rg6+ 68. Ke5 Re6+ 69. Kxe6 {Black resigns} 1-0

[Event "Team 45 45 League T98"]
[Site "Internet Chess Club"]
[Date "2023.11.18"]
[Round "1"]
[White "Sandrotov"]
[Black "burlap"]
[Result "1/2-1/2"]
[WhiteElo "1636"]
[BlackElo "1342"]
[Opening "English opening"]
[ECO "A16"]
[Time "20:00:24"]
[PlyCount "148"]
[TimeControl "2700+45"]

1. c4 Nf6 2. Nc3 g6 3. g3 Bg7 4. Bg2 O-O 5. e4 d6 6. Nge2 e5 7. O-O Nc6 8. d3
Be6 9. h3 Qd7 10. Kh2 Nh5 11. Be3 f5 12. exf5 gxf5 13. f4 exf4 14. Nxf4 Nxf4 15.
Bxf4 Nd4 16. Rb1 c6 17. Qd2 Rae8 18. Rbe1 Bf7 19. Bh6 Rxe1 20. Rxe1 Re8 21. Bxg7
Kxg7 22. Qg5+ Bg6 23. Rf1 Qe7 24. Qf4 Qe5 25. Qh4 Qe3 26. Qf4 Qxf4 27. Rxf4 Ne2
28. Nxe2 Rxe2 29. Rd4 Rxb2 30. Rxd6 Rxa2 31. Rd7+ Kf6 32. Rxb7 Ra3 33. Bxc6 Rxd3
34. Rxa7 Rc3 35. Bd5 Rc2+ 36. Kg1 Rc1+ 37. Kf2 Rc2+ 38. Ke3 Rh2 39. h4 Rh3 40.
Kf4 Rh2 41. c5 Rf2+ 42. Ke3 Rc2 43. c6 Ke5 44. Bf3 Rc3+ 45. Kf2 Rc2+ 46. Ke1 f4
47. Ra5+ Kf6 48. gxf4 Bf5 49. Kd1 Rc4 50. Be2 Rxc6 51. Ra6 Rxa6 52. Bxa6 Bg4+
53. Kd2 Kg6 54. Bd3+ Kh5 55. Bxh7 Kxh4 56. Ke3 Kg3 57. Ke4 Kf2 58. Bf5 Bh5 59.
Ke5 Kf3 60. Bc2 Kg3 61. f5 Kh4 62. f6 Kg5 63. Ke6 Kh6 64. Ke7 Kg5 65. Bd3 Kh6
66. Kf8 Kg5 67. Kg7 Be8 68. Bb5 Bg6 69. Bc4 Bh5 70. Bf7 Bg4 71. Bg6 Be6 72. Bh7
Bb3 73. Bg8 Bxg8 74. f7 Bxf7 {Game drawn because neither player has mating
material} 1/2-1/2

[Event "Team 45 45 League T98"]
[Site "Internet Chess Club"]
[Date "2023.11.16"]
[Round "1"]
[White "mongmong"]
[Black "vollmerj"]
[Result "0-1"]
[WhiteElo "1465"]
[BlackElo "1534"]
[Opening "King's Indian, 3.Nf3"]
[ECO "B38"]
[Time "16:07:40"]
[PlyCount "54"]
[TimeControl "2700+45"]

1. d4 Nf6 2. Nf3 g6 3. c4 c5 4. Nc3 cxd4 5. Nxd4 Bg7 6. e4 Nc6 7. Be3 d6 8. Be2
O-O 9. O-O Bd7 10. Qd2 Nxd4 11. Bxd4 Bc6 12. f3 Nh5 13. Bxg7 Kxg7 14. f4 Qb6+
15. Kh1 Nf6 16. Nd5 Bxd5 17. exd5 Ne4 18. Qe1 Rfc8 19. b3 Qe3 20. Bg4 Qxe1 21.
Rfxe1 Nf2+ 22. Kg1 Nxg4 23. Rxe7 Re8 24. Rae1 Rxe7 25. Rxe7 Rb8 26. h3 Nf6 27.
Rd7 Nxd7 {White resigns} 0-1

[Event "Team 45 45 League T98"]
[Site "Internet Chess Club"]
[Date "2023.11.20"]
[Round "1"]
[White "Alec-hine"]
[Black "room-matt"]
[Result "1-0"]
[WhiteElo "1980"]
[BlackElo "1802"]
[Opening "Trompowsky attack (Ruth, Opocenský opening)"]
[ECO "A45"]
[Time "13:06:18"]
[PlyCount "121"]
[TimeControl "2700+45"]

1. d4 Nf6 2. Bg5 e6 3. e4 c5 4. e5 h6 5. Bc1 Nd5 6. c4 Nb4 7. dxc5 Bxc5 8. Nf3
Qb6 9. Qd2 Qa5 10. Nc3 d5 11. cxd5 exd5 12. Bb5+ N8c6 13. O-O O-O 14. Qe2 d4 15.
Ne4 Bb6 16. Bd2 Bg4 17. a3 Bxf3 18. gxf3 d3 19. Bxd3 Qxe5 20. axb4 Nd4 21. Qd1
Qh5 22. Kg2 Rad8 23. Ng3 Qxf3+ 24. Qxf3 Nxf3 25. Kxf3 Rxd3+ 26. Ke2 Rfd8 27.
Rfd1 Bxf2 28. Bc3 Rxd1 29. Rxd1 Rxd1 30. Kxd1 Bg1 31. h3 g6 32. Ne4 f5 33. Nd6
b6 34. Nc8 a6 35. Ke2 Kf7 36. Kf1 Be3 37. Nd6+ Ke6 38. Nc4 Bg5 39. Nxb6 Be7 40.
Nc8 Bf8 41. Na7 g5 42. Nc6 Kd5 43. Nb8 Kc4 44. Nxa6 h5 45. Bd2 g4 46. b3+ Kb5
47. Nc7+ Kb6 48. Ne6 Bd6 49. h4 Be5 50. Nf4 Bxf4 51. Bxf4 Kb5 52. Bd2 f4 53.
Bxf4 Kxb4 54. Kf2 Kxb3 55. Kg3 Kc4 56. Bb8 Kd3 57. Kf4 Ke2 58. Kg5 Kf3 59. Kxh5
g3 60. Bxg3 Kxg3 61. Kg5 {Black resigns} 1-0

[Event "Team 45 45 League T98"]
[Site "Internet Chess Club"]
[Date "2023.11.20"]
[Round "1"]
[White "bobhill"]
[Black "timcent"]
[Result "0-1"]
[WhiteElo "1966"]
[BlackElo "1932"]
[Opening "Queen's pawn: Torre attack"]
[ECO "A46"]
[Time "08:02:36"]
[PlyCount "136"]
[TimeControl "2700+45"]

1. d4 Nf6 2. Nf3 e6 3. Bg5 h6 4. Bh4 c5 5. e3 Qb6 6. Nbd2 Be7 7. Nc4 Qc7 8. Bg3
Qc6 9. Nfe5 Qd5 10. c3 O-O 11. Nd2 cxd4 12. exd4 Nc6 13. Qc2 d6 14. Nef3 Bd7 15.
Bc4 Qa5 16. b4 Qc7 17. O-O Rac8 18. Rac1 Qd8 19. Qb1 a6 20. Rfe1 Na7 21. Bd3 b5
22. a4 Nd5 23. Ne4 Be8 24. c4 bxc4 25. Bxc4 Nc7 26. Bb3 Rb8 27. Bd1 Nd5 28. Rc4
Nb6 29. Rc3 Nxa4 30. Bxa4 Bxa4 31. Rec1 a5 32. Qa1 Rxb4 33. Ra3 Bc6 34. Rxa5
Bxe4 35. Rxa7 Bf6 36. Qa6 Bxf3 37. Qxd6 Rxd4 38. Qxd8 Rfxd8 39. gxf3 Rd1+ 40.
Rxd1 Rxd1+ 41. Kg2 g6 42. Bf4 Kg7 43. Ra8 Ra1 44. Rc8 Ra2 45. Be3 Ba1 46. h3 e5
47. Rd8 g5 48. Kg3 f5 49. Rd7+ Kg6 50. Bc5 f4+ 51. Kg2 h5 52. Rd6+ Kf5 53. Rd8
Rc2 54. Bb6 Rc6 55. Ba7 e4 56. Rd5+ Be5 57. Bb8 exf3+ 58. Kh2 Re6 59. Bc7 Ke4
60. Rc5 Kd4 61. Rc1 Bxc7 62. Rxc7 Re2 63. Kg1 g4 64. Rd7+ Ke5 65. Rh7 g3 66.
Rxh5+ Ke4 67. fxg3 fxg3 68. Rh4+ Ke3 {White resigns} 0-1

[Event "Team 45 45 League T98"]
[Site "Internet Chess Club"]
[Date "2023.11.18"]
[Round "1"]
[White "discipulo"]
[Black "DaveTheRook"]
[Result "1-0"]
[WhiteElo "1734"]
[BlackElo "1435"]
[Opening "English, 1...Nf6 (Anglo-Indian defense)"]
[ECO "A15"]
[Time "14:30:31"]
[PlyCount "71"]
[TimeControl "2700+45"]

1. c4 Nf6 2. g3 g6 3. Bg2 Bg7 4. Nc3 c6 5. e4 d6 6. Nge2 e5 7. O-O O-O 8. d3
Nbd7 9. b4 a6 10. a4 c5 11. b5 Rb8 12. Bd2 Re8 13. Rb1 Qc7 14. h3 Nf8 15. Bg5
N8d7 16. Qd2 Bf8 17. b6 Qd8 18. Nd5 Be7 19. Nxe7+ Qxe7 20. Nc3 Qe6 21. f4 exf4
22. Qxf4 Nh5 23. Qh4 Qe5 24. Nd5 Qxg3 25. Qxg3 Nxg3 26. Rf2 Nh5 27. Rbf1 Ne5 28.
Rf3 Nxf3+ 29. Rxf3 Kg7 30. a5 Be6 31. Nc7 Rf8 32. Be7 Rfc8 33. Bxd6 Nf6 34. Be5
Kg8 35. Rxf6 Bd7 36. Nd5 {Black resigns} 1-0

[Event "Team 45 45 League T98"]
[Site "Internet Chess Club"]
[Date "2023.11.22"]
[Round "1"]
[White "iSeba"]
[Black "BuddyT"]
[Result "1-0"]
[WhiteElo "2010"]
[BlackElo "1727"]
[Opening "Sicilian defense"]
[ECO "B40"]
[Time "10:00:12"]
[PlyCount "41"]
[TimeControl "2700+45"]

1. e4 c5 2. Nf3 e6 3. d3 d5 4. Nbd2 Nc6 5. g3 Be7 6. Bg2 h5 7. h4 Nh6 8. O-O d4
9. e5 Ng4 10. Re1 g5 11. hxg5 Bxg5 12. Nc4 Be7 13. Bf4 Nb4 14. Qd2 h4 15. gxh4
Bxh4 16. Nxh4 Qxh4 17. c3 Nd5 18. Bg3 Qh7 19. Nd6+ Ke7 20. Qg5+ f6 21. Qxg4
{Black resigns} 1-0

[Event "Team 45 45 League T98"]
[Site "Internet Chess Club"]
[Date "2023.11.17"]
[Round "1"]
[White "fishhead"]
[Black "ElValero"]
[Result "1-0"]
[WhiteElo "1718"]
[BlackElo "1662"]
[Opening "French: Rubinstein variation"]
[ECO "C10"]
[Time "13:00:15"]
[PlyCount "57"]
[TimeControl "2700+45"]

1. e4 e6 2. d4 d5 3. Nc3 dxe4 4. Nxe4 Nd7 5. Nf3 Be7 6. Bd3 Ngf6 7. Ng3 c5 8.
O-O O-O 9. c4 cxd4 10. Nxd4 Nc5 11. Bc2 Re8 12. b4 Ncd7 13. a3 Nb6 14. Qd3 e5
15. Nb5 Qxd3 16. Bxd3 Rd8 17. Be2 Be6 18. Nc7 Rac8 19. Nxe6 fxe6 20. c5 Nbd5 21.
Bb2 e4 22. Rfe1 Nf4 23. Bc4 Kf7 24. Nxe4 h6 25. Nxf6 Bxf6 26. Bxf6 Kxf6 27. g3
Nd5 28. Rad1 Ne7 29. Rxe6+ {Black resigns} 1-0

[Event "Team 45 45 League T98"]
[Site "Internet Chess Club"]
[Date "2023.11.17"]
[Round "1"]
[White "jjmolina1"]
[Black "olivermx"]
[Result "1/2-1/2"]
[WhiteElo "1460"]
[BlackElo "1391"]
[Opening "Sicilian: Najdorf, Adams attack"]
[ECO "B90"]
[Time "12:26:44"]
[PlyCount "73"]
[TimeControl "2700+45"]

1. e4 c5 2. Nf3 d6 3. d4 cxd4 4. Nxd4 Nf6 5. Nc3 a6 6. h3 b5 7. Qf3 Bb7 8. Nd5
Nbd7 9. Bd3 e6 10. Nxf6+ Nxf6 11. Bg5 Be7 12. Bxf6 Bxf6 13. Qe3 Rc8 14. O-O Qb6
15. c3 h5 16. a3 g5 17. Nc2 Qc7 18. f4 g4 19. hxg4 hxg4 20. f5 e5 21. Rfe1 Kd7
22. g3 Rcg8 23. Qf2 Rg7 24. Kg2 Qc5 25. Qxc5 dxc5 26. Ne3 c4 27. Bc2 Be7 28. Rh1
Rxh1 29. Rxh1 Bc5 30. Rd1+ Kc7 31. Nd5+ Bxd5 32. Rxd5 Bd6 33. Bd1 f6 34. Kg1 Kc6
35. Kg2 Kc7 36. Kg1 Kc6 37. Kg2 {Game drawn by mutual agreement} 1/2-1/2

[Event "Team 45 45 League T98"]
[Site "Internet Chess Club"]
[Date "2023.11.19"]
[Round "1"]
[White "Otelo"]
[Black "primerpaso"]
[Result "1/2-1/2"]
[WhiteElo "2027"]
[BlackElo "1812"]
[Opening "QGD: 4.Nf3"]
[ECO "D37"]
[Time "17:01:50"]
[PlyCount "50"]
[TimeControl "2700+45"]

1. d4 Nf6 2. c4 e6 3. Nf3 d5 4. Nc3 Be7 5. e3 O-O 6. b3 c5 7. cxd5 Nxd5 8. Nxd5
Qxd5 9. Bb2 cxd4 10. exd4 Bb4+ 11. Nd2 Nc6 12. a3 Qe4+ 13. Qe2 Bxd2+ 14. Kxd2
Qxe2+ 15. Bxe2 Rd8 16. Ke3 Bd7 17. Rhd1 Ne7 18. g3 Nf5+ 19. Kf4 Rac8 20. Rac1
Rxc1 21. Rxc1 Bc6 22. Rd1 Ne7 23. g4 Bd5 24. Bc4 Rc8 25. Rc1 a6 {Game drawn by
mutual agreement} 1/2-1/2

[Event "Team 45 45 League T98"]
[Site "Internet Chess Club"]
[Date "2023.11.19"]
[Round "1"]
[White "Portola"]
[Black "Lawkeito"]
[Result "1-0"]
[WhiteElo "1737"]
[BlackElo "1785"]
[Opening "Queen's pawn game, Darooha variation "]
[ECO "D02"]
[Time "18:00:18"]
[PlyCount "61"]
[TimeControl "2700+45"]

1. d4 d5 2. Nf3 Nf6 3. c3 Bf5 4. Bg5 Ne4 5. Bh4 h5 6. e3 f6 7. h3 g5 8. Bg3 Nxg3
9. fxg3 Qd6 10. Kf2 h4 11. g4 Qg3+ 12. Ke2 Bg6 13. Kd2 Nd7 14. Qe1 Qd6 15. Bb5
O-O-O 16. Kc1 e5 17. Bxd7+ Rxd7 18. Nbd2 Bh6 19. Nb3 Re7 20. Qd2 Rhe8 21. Re1
Be4 22. Nc5 Bxf3 23. gxf3 exd4 24. cxd4 Qg3 25. a4 Qxf3 26. Ra3 b6 27. Na6 Qxh3
28. Nb4 Rd7 29. Qe2 Re4 30. Qa6+ Kd8 31. Nc6+ {Black resigns} 1-0

[Event "Team 45 45 League T98"]
[Site "Internet Chess Club"]
[Date "2023.11.18"]
[Round "1"]
[White "VictorRed"]
[Black "julesraider"]
[Result "1/2-1/2"]
[WhiteElo "1697"]
[BlackElo "1664"]
[Opening "King's Indian: fianchetto without c4"]
[ECO "A49"]
[Time "20:30:26"]
[PlyCount "64"]
[TimeControl "2700+45"]

1. d4 Nf6 2. Nf3 g6 3. g3 d5 4. Bg2 Bg7 5. O-O O-O 6. Nc3 Nbd7 7. Re1 h6 8. Bf4
c6 9. Qc1 Kh7 10. Ne5 Nh5 11. Nxd7 Bxd7 12. Be3 Qc8 13. Rd1 Bh3 14. Bh1 b5 15.
Nb1 a5 16. c3 Qd7 17. Nd2 Bg4 18. Nf3 Bxf3 19. Bxf3 Nf6 20. Qc2 a4 21. b3 axb3
22. axb3 Ra7 23. Rxa7 Qxa7 24. c4 bxc4 25. bxc4 Ra8 26. cxd5 cxd5 27. Qc5 Qa4
28. Rc1 e6 29. Qc7 Ra7 30. Qb6 Ra6 31. Qb7 Ra7 32. Qb6 Ra6 {Game drawn by mutual
agreement} 1/2-1/2

[Event "Team 45 45 League T98"]
[Site "Internet Chess Club"]
[Date "2023.11.19"]
[Round "1"]
[White "VictorRed"]
[Black "Lawkeito"]
[Result "0-1"]
[WhiteElo "1685"]
[BlackElo "1805"]
[Opening "Queen's pawn game, Darooha variation "]
[ECO "D02"]
[Time "11:05:22"]
[PlyCount "102"]
[TimeControl "2700+45"]

1. d4 d5 2. Nf3 Nf6 3. Nc3 e6 4. Bf4 Bb4 5. Bd2 Nbd7 6. e3 c5 7. Nb5 Qb6 8. a4
Bxd2+ 9. Nxd2 c4 10. b3 a6 11. Nc3 cxb3 12. cxb3 Qa5 13. Rc1 Nb8 14. Bd3 Nc6 15.
Na2 Bd7 16. O-O O-O 17. Rc5 Qb6 18. Qe2 e5 19. Rfc1 exd4 20. e4 Rfe8 21. f3 dxe4
22. fxe4 Bg4 23. Qf2 Rad8 24. h3 Bh5 25. Rg5 Bg6 26. Re1 h6 27. Rg3 Nh5 28. Rf3
Ne5 29. Nc4 Nxf3+ 30. Qxf3 Qf6 31. Qg4 Qg5 32. Qd1 Nf4 33. Qf3 Nxd3 34. Qxd3 f5
35. e5 f4 36. Qf3 b5 37. axb5 axb5 38. Nd2 Rxe5 39. Rf1 Qg3 40. Qxf4 Qxf4 41.
Rxf4 Ra8 42. Nb4 d3 43. Rd4 Ra1+ 44. Kh2 Rd1 45. Nf3 Re4 46. Rd8+ Kh7 47. Nc6
Re8 48. Rd5 Be4 49. Rd6 Bxf3 50. gxf3 Re2+ 51. Kg3 d2 {White resigns} 0-1

[Event "Team 45 45 League T98"]
[Site "Internet Chess Club"]
[Date "2023.11.17"]
[Round "1"]
[White "PsyMar"]
[Black "seattleblues"]
[Result "0-1"]
[WhiteElo "1328"]
[BlackElo "1357"]
[Opening "Caro-Kann: Panov-Botvinnik attack"]
[ECO "B13"]
[Time "19:03:47"]
[PlyCount "104"]
[TimeControl "2700+45"]

1. e4 c6 2. d4 d5 3. exd5 cxd5 4. c4 Nf6 5. Nf3 e6 6. Nc3 Nc6 7. Bg5 Be7 8. Be2
b6 9. O-O Bb7 10. Rc1 O-O 11. Ne5 Nxe5 12. dxe5 Ne4 13. Bxe7 Qxe7 14. cxd5 Nxc3
15. d6 Nxe2+ 16. Qxe2 Qd8 17. Rc7 Bd5 18. Qa6 Qg5 19. f3 Qe3+ 20. Kh1 Qxe5 21.
Rxa7 Rxa7 22. Qxa7 Qxd6 23. h4 Ra8 24. Rc1 Qd8 25. Qc7 Qxc7 26. Rxc7 h6 27. a3
Kf8 28. Kh2 Ke8 29. Kg3 Ra4 30. Rc8+ Ke7 31. Rc7+ Kf6 32. Rc3 Rc4 33. Re3 g6 34.
b3 Rc2 35. a4 Rb2 36. Kh3 Rxb3 37. Rxb3 Bxb3 38. g4 g5 39. Kg3 Bxa4 40. h5 b5
41. f4 b4 42. f5 e5 43. Kf3 b3 44. Ke3 b2 45. Ke4 b1=Q+ 46. Kd5 Qb5+ 47. Kd6
Qd7+ 48. Kc5 e4 49. Kb4 Bd1 50. Kc3 Qd3+ 51. Kb2 e3 52. Kc1 Qc2# {White
checkmated} 0-1

[Event "Team 45 45 League T98"]
[Site "Internet Chess Club"]
[Date "2023.11.18"]
[Round "1"]
[White "Gojira"]
[Black "ElValero"]
[Result "1/2-1/2"]
[WhiteElo "1610"]
[BlackElo "1659"]
[Opening "Queen's pawn: Chigorin variation"]
[ECO "D00"]
[Time "12:05:15"]
[PlyCount "131"]
[TimeControl "2700+45"]

1. d4 d5 2. Nc3 g6 3. Bf4 Bg7 4. Nb5 Na6 5. e3 Nf6 6. h3 O-O 7. Nf3 Bf5 8. Bd3
Ne4 9. Be5 f6 10. Bh2 c6 11. Nc3 Qa5 12. Bxe4 Bxe4 13. O-O Bf5 14. Re1 Nb4 15.
e4 dxe4 16. Nxe4 Rfe8 17. c3 Na6 18. Qb3+ Qd5 19. Nfd2 Qxb3 20. Nxb3 Rad8 21.
Nec5 Nxc5 22. Nxc5 b6 23. Ne6 Rd7 24. Nc7 Rc8 25. g4 Bd3 26. Re3 Bc4 27. b3 Bf7
28. Ne6 c5 29. dxc5 Bxe6 30. Rxe6 Rxc5 31. c4 b5 32. cxb5 Rxb5 33. Rae1 Kf7 34.
R1e2 Rb6 35. Rxb6 axb6 36. a4 e5 37. g5 Rd3 38. gxf6 Bxf6 39. Re3 e4 40. Kf1
Rxe3 41. fxe3 Bd8 42. Be5 Ke6 43. Bd4 Kd5 44. Kg2 Bc7 45. h4 h5 46. Kh3 Kc6 47.
Bf6 Bd6 48. Bd8 Kb7 49. Bf6 Kc6 50. Bd4 Kb7 51. Kg2 Ka6 52. Bc3 Bc5 53. Kf2 Be7
54. Kg3 Bd6+ 55. Kg2 Bc7 56. b4 Bd6 57. Be1 Be7 58. Kh3 Kb7 59. a5 bxa5 60. bxa5
Bc5 61. Bd2 Ka6 62. Kg3 Bd6+ 63. Kg2 Be7 64. Kg3 Bd6+ 65. Kg2 Be7 66. Kg3 {Game
drawn by mutual agreement} 1/2-1/2

[Event "Team 45 45 League T98"]
[Site "Internet Chess Club"]
[Date "2023.11.19"]
[Round "1"]
[White "julesraider"]
[Black "Rookmaster"]
[Result "1/2-1/2"]
[WhiteElo "1644"]
[BlackElo "1553"]
[Opening "Queen's pawn game"]
[ECO "A45"]
[Time "20:01:12"]
[PlyCount "72"]
[TimeControl "2700+45"]

1. d4 Nf6 2. g3 g6 3. Bg2 d5 4. Nf3 Bg7 5. Nbd2 O-O 6. O-O Nbd7 7. c4 e6 8. Re1
c5 9. cxd5 exd5 10. dxc5 Nxc5 11. e3 Be6 12. Nb3 Qb6 13. Nxc5 Qxc5 14. Nd4 Rac8
15. Bd2 Qb6 16. a3 Rfd8 17. b4 Ne4 18. Nxe6 Qxe6 19. Rc1 Rxc1 20. Bxc1 Rc8 21.
f3 Nd6 22. Re2 b5 23. Kf2 Nc4 24. f4 Nb6 25. Bb2 Bxb2 26. Rxb2 Rc3 27. Qd4 Rxa3
28. e4 dxe4 29. Bxe4 Qh3 30. Bg2 Qd7 31. Qe5 Rd3 32. Re2 Rd2 33. Qb8+ Kg7 34.
Qe5+ Kg8 35. Qb8+ Kg7 36. Qe5+ Kg8 {Game drawn by repetition} 1/2-1/2

[Event "Team 45 45 League T98"]
[Site "Internet Chess Club"]
[Date "2023.11.18"]
[Round "1"]
[White "trogers41"]
[Black "Gilguli"]
[Result "0-1"]
[WhiteElo "1488"]
[BlackElo "1471"]
[Opening "Ruy Lopez: Cozio defense"]
[ECO "C60"]
[Time "10:02:51"]
[PlyCount "104"]
[TimeControl "2700+45"]

1. e4 e5 2. Nf3 Nc6 3. Bb5 Nge7 4. O-O g6 5. c3 Bg7 6. d4 O-O 7. d5 Nb8 8. c4 d6
9. Nc3 f5 10. Bg5 h6 11. Bxe7 Qxe7 12. b4 f4 13. h3 Bf6 14. Ba4 g5 15. Nh2 Qf7
16. c5 h5 17. cxd6 cxd6 18. Nb5 Qe7 19. Qxh5 Kg7 20. Qe2 Rh8 21. Ng4 a6 22. Nc3
b5 23. Bd1 Nd7 24. a4 Rb8 25. axb5 axb5 26. Nxb5 Kg6 27. Na7 Qf8 28. Nc6 Rb7 29.
b5 Rh4 30. Qc2 Nc5 31. f3 Qg7 32. Be2 Qh8 33. Ra8 Nd7 34. Qa4 Nc5 35. Qb4 Rxh3
36. Ngxe5+ Bxe5 37. Nxe5+ dxe5 38. gxh3 Qxh3 39. Rf2 Rh7 40. Rg2 Qh1+ 41. Kf2
Bh3 42. Qxc5 Qxg2+ 43. Ke1 Qg3+ 44. Kd2 Kh5 45. Qc6 Qg1 46. Qe8+ Kh4 47. Ra3 Qf2
48. Qxe5 Bf1 49. Qf5 Qxe2+ 50. Kc3 Rc7+ 51. Kd4 Qb2+ 52. Rc3 Qxc3# {White
checkmated} 0-1